AoeStats
← b站江条

Arabia

504313028Analyzed
1v1 RM · 28d ago on Sep 4, 2026· 28m 23s· 2 players
Game mode
Random Map
Map size
Tiny (2 player)
Population
200
Speed
Normal
Resources
Standard
Victory
Conquest
Starting age
Dark Age
Ending age
Imperial Age
RankedLock teamsTeams togetherTeam positionsShared explorationLock speedFull tech treeHidden civsTurbo modeCheats
Victory
Defeat
🇨🇳 Maya · China
1355
+15
🇨🇦 Hindustanis · Canada
1336
-15
Manan369
7:01 Loom
9:39 Feudal Age
10:08 Double-Bit Axe
11:45 Horse Collar
16:57 Fletching
17:53 Padded Archer Armor
21:23 Bloodlines
23:16 Castle Age
22:04 Horse Collar
22:15 Gold Mining
23:10 Stone Mining
23:17 Elite Skirmisher
24:31 Scale Mail Armor
b站江条
0:26 Loom
8:32 Feudal Age
9:11 Double-Bit Axe
15:18 Fletching
21:59 Castle Age
20:36 Padded Archer Armor
20:35 Horse Collar
22:10 Gold Mining
22:42 Crossbowman
24:48 Bow Saw
25:55 Bodkin Arrow
26:11 Heavy Plow
Connection lost

Rejoining the realm…

Still unreachable

The connection could not be restored.

Session expired

The server has moved on; the page needs a fresh start.